[Event "Israel-ch Semi-final 2022"]
[Site "Ramat Gan"]
[Date "2022.06.13"]
[Round "6.2"]
[White "Mordechai, Hanan"]
[Black "Aharonovich, Itamar"]
[Result "1-0"]
[ECO "C45"]
[WhiteElo "2313"]
[BlackElo "2324"]
[Annotator "TA"]
[PlyCount "135"]
[EventDate "2022.05.09"]
[EventType "swiss"]
[EventCountry "ISR"]
[SourceTitle "playchess.com"]
[Source "ChessBase"]
[SourceQuality "1"]
[TimeControl "40/5400+30:1800+30"]

1. e4 e5 2. Nf3 Nc6 3. d4 exd4 4. Nxd4 Nf6 5. Nxc6 bxc6 6. e5 Qe7 7. Qe2 Nd5 8. c4 Nb6 9. Nc3 Qe6 10. Qe4 Bb4 (10... g6 $5 ) 11. Bd2 {[%emt 0:00:54] C45: Scotch Game.} O-O 12. Bd3 g6 13. O-O {[%emt 0:05:57] [#] The position is equal.} f5 $146 ({Predecessor:} 13... d5 14. cxd5 Nxd5 15. Nxd5 Bxd2 16. Nxc7 Qe7 17. Nxa8 Bb7 18. Bc4 Bxa8 19. Rad1 Rd8 20. Qe2 Bf4 21. Rxd8+ Qxd8 22. e6 Qd6 23. e7 {1-0 (23) Bulmaga,I (2390)-Ciolacu,A (2239) Bucharest 2022}) 14. exf6 Qxe4 15. Nxe4 ({Much weaker is} 15. Bxe4 Nxc4 16. Bg5 Rb8 $11) 15... Bxd2 16. Nxd2 Ba6 17. Rfe1 Rxf6 18. Ne4 Rf5 19. Rad1 d6 {[%emt 0:13:05] [#]} 20. Nxd6 cxd6 21. Bxf5 gxf5 22. b3 d5 23. c5 Nd7 24. Re7 Rd8 25. f3 {[%emt 0:07:02] White is more active.} Nxc5 (25... Bb5 $16) 26. Rxa7 $2 (26. Rc1 $18 Nd3 27. Rxc6) 26... Rd7 $11 27. Ra8+ Kf7 28. b4 Bb7 $1 29. Rh8 Kg7 30. Re8 Na6 31. Rde1 Kf6 {[%emt 0:01:41] Prevents R1e7.} (31... Kf7 $11 {is more appropriate.}) 32. R8e6+ (32. a3 $1 $14) 32... Kf7 33. Rh6 Kg7 34. Rhe6 Kf8 {[%emt 0:00:51] Prevents Re7.} 35. Re8+ Kf7 36. Rh8 Kf6 37. Rf8+ Kg7 38. Rfe8 Kf6 {[%emt 0:00:08] Inhibits R8e7.} 39. R8e6+ {[%emt 0:00:06][%mdl 1024] White has compensation.} (39. a3 $5 ) 39... Kf7 40. Rh6 Kf8 41. a3 Nc7 42. Rf6+ Rf7 43. Rd6 Nb5 44. Rd8+ Kg7 45. a4 Nd4 (45... Nc3 $5 ) 46. a5 Ba6 47. Ra8 Bb7 48. Rd8 f4 49. Rb1 Re7 50. Rb8 Kf6 51. h4 Ba6 52. Rb6 (52. Ra8 $11 {keeps the balance.} Bb7 53. Rb8) 52... Bb5 $1 $17 53. a6 {[%emt 0:02:37] [#]} (53. Rb8 $17) 53... h5 $2 (53... Ra7 $1 $19 54. Ra1 Nf5) 54. Ra1 $11 Ra7 {[%emt 0:00:10] ...Nf5 is the strong threat.} 55. Ra5 $1 {[%emt 0:00:17] Black must now prevent Rb7.} Ke5 $2 {[%emt 0:00:18][%mdl 8192] [#]} (55... Bc4 $1 $11) 56. Rb7 $1 $18 Rxa6 {[%emt 0:00:20] [#]} (56... Ne2+ $2 57. Kf2 Rxa6 58. Rbxb5 cxb5 59. Rxa6) 57. Rbxb5 Rxa5 58. Rxa5 {[%emt 0:00:05][%mdl 4096] Endgame KR-KN} Nc2 59. b5 (59. Ra7 $142) 59... cxb5 60. Rxb5 Kd4 $2 (60... Nd4 61. Rb8 Nf5) 61. Rb8 {[%emt 0:00:46] Hoping for Rh8.} Ke3 62. Re8+ Kd2 63. Re5 Ne3 64. Rxh5 Ke2 65. Rh8 (65. Re5 d4 $11) 65... d4 66. h5 d3 67. h6 d2 68. Rd8 {[%emt 0:00:04] Weighted Error Value: White=0.21 (precise) /Black=0.31} 1-0

[Event "Israel-ch Semi-final 2022"]
[Site "Ramat Gan"]
[Date "2022.06.13"]
[Round "6.3"]
[White "Zemach, Nadav"]
[Black "Yaniv, Yuval"]
[Result "1/2-1/2"]
[ECO "E04"]
[WhiteElo "2238"]
[BlackElo "2301"]
[Annotator "TA"]
[PlyCount "166"]
[EventDate "2022.05.09"]
[EventType "swiss"]
[EventCountry "ISR"]
[SourceTitle "playchess.com"]
[Source "ChessBase"]
[SourceQuality "1"]
[TimeControl "40/5400+30:1800+30"]

1. d4 Nf6 2. c4 e6 3. g3 d5 4. Bg2 dxc4 5. Nf3 c6 6. O-O b5 7. Ne5 {[%emt 0:00:46] E04: Open Catalan: 5 Nf3.} Bb7 8. a4 Qc8 9. b3 {[%emt 0:06:46] The position is equal.} cxb3 10. Qxb3 b4 11. a5 c5 12. Bxb7 Qxb7 13. dxc5 Bxc5 14. Nd3 (14. Qa4+ $15 Nbd7 15. Nxd7 Qxd7 16. Qxd7+ Nxd7 17. Nd2) 14... Be7 {[%emt 0:01:51] [#]} (14... Na6 $1 $17 15. Bb2 O-O) 15. Na3 $146 (15. a6 $11 {keeps the balance.} Qd5 16. Qa4+ Nbd7 17. Nxb4) ({Predecessor:} 15. a6 Qe4 16. Be3 O-O {½-½ (16) Pajeken,J (2395)-Khenkin,I (2540) Kiel 2021}) 15... O-O 16. Nc2 Nc6 17. Bd2 (17. a6 $142 Qb5 18. Bb2) 17... Ne4 $19 18. Be1 Rab8 19. Rb1 Nxa5 20. Qa2 (20. Qa4 $142 Nc6 21. Ndxb4) 20... Nc6 $1 ({And not} 20... Ng5 21. h4 Nc6 22. hxg5 $14) 21. Ncxb4 Nd4 {[%emt 0:02:03][%cal Oa7a5] aiming for ...a5!} ({Not} 21... Nxb4 22. Bxb4 Bxb4 23. Rxb4 $15) 22. Rb2 (22. f3 {is a better defense.} a5 23. Qxa5 Nxe2+ 24. Kg2) 22... Qd7 (22... Ng5 $19 23. f3 a5 24. Qxa5 Ra8) 23. f3 $17 Nc5 $40 {[%emt 0:01:57][%mdl 128] Black is out for blood.} 24. Ne5 (24. Kg2 $17) 24... Qc7 $1 $19 25. Nc4 {[%emt 0:02:43] [#]} (25. Nbd3 $142) 25... Ncb3 $1 26. Na6 Qxc4 27. Nxb8 Rxb8 28. Qxa7 Nc6 29. Qa2 Bc5+ (29... Bf6 $19 {has better winning chances.} 30. Rc2 Qd5) 30. Kg2 (30. Bf2 $17) 30... h5 31. Rc2 Qd5 32. Bc3 Rd8 (32... Ncd4 $19 33. Bxd4 Bxd4) 33. Rb2 Nbd4 34. Qxd5 Rxd5 35. e4 Rd8 36. f4 e5 37. fxe5 Nxe5 {[%emt 0:00:45] Pair of Knights!} 38. Rd2 Nc4 39. Rd3 Ne6 40. Rxd8+ Nxd8 41. Kf3 Ne6 42. h4 {[%emt 0:00:13] Prevents Ng5+.} Bd4 43. Bb4 Ne5+ 44. Kg2 Ng4 45. Rc1 Kh7 46. Bd6 Be5 47. Be7 Nf6 48. Re1 Kg6 49. Kh3 Nd4 50. Kg2 Ng4 51. Bc5 Nc6 52. Rb1 Nf6 53. Rb6 Nd4 54. Rb4 Nc2 ({Much less strong is} 54... Nxe4 55. Bxd4 Bd6 56. Rb6 $16) 55. Rc4 Ne1+ 56. Kh3 Nf3 {[%emt 0:02:53] ...Nd2 is the strong threat.} 57. Be3 {[%emt 0:03:56] Inhibits Nd2.} Ng4 58. Bb6 (58. Bf4 $142) 58... Nd2 59. Rb4 Nf6 60. Rb5 Ng4 61. Rb4 Bc3 62. Ra4 Nf6 63. Ba5 Bxa5 64. Rxa5 Ndxe4 65. Kg2 Nc3 66. Kh3 $2 (66. Rg5+ {keeps fighting.} Kh6 67. Rc5) 66... Ncd5 (66... Nfe4 $142 67. Re5 f6) 67. Ra4 $2 (67. Kg2) 67... Nc7 (67... Ne3 $142 {Strongly threatening ...Nfg4.} 68. Rf4 Neg4) 68. Rb4 $2 (68. Ra5) 68... Ne6 (68... Ng4 $142 {White must now prevent ...Kf6.} 69. Rb6+ Ne6) 69. Ra4 $2 (69. Rb5) 69... Ng4 70. Ra5 f6 71. Ra4 Kf5 72. Ra5+ Ne5 73. Ra7 g6 74. Ra4 Ng4 75. Ra5+ {[%emt 0:00:06] [#]} Ke4 $1 76. Ra4+ Nd4 {[%emt 0:01:23] Hoping for ...Ne3.} 77. Rb4 $2 (77. Kg2) 77... Ne3 (77... Kd3 $142 78. Kg2 Ne3+ 79. Kg1 Nc4) 78. Rb6 Ng4 {[%emt 0:00:37] ( -> ...Nc2)} 79. Rb4 Ke3 80. Rb8 Kf3 81. Rb3+ Ne3 82. Rb6 Ng4 83. Rb3+ $1 Ke4 $2 {[%emt 0:00:18] Weighted Error Value: White=0.24 (precise) /Black=0.17 (very precise)} (83... Kf2 {mates} 84. Rf3+ Ke2 85. Rc3 Nf5 86. Rc4 Nf2+ 87. Kh2 Ne3 88. Rc8 Ne4 89. Rb8 Kf3 90. Re8 Nf1+ 91. Kg1 Nfxg3 92. Re7 Ne2+ 93. Kf1 Nf4 94. Ke1 f5 95. Re8 Kg4 96. Kd1 Kxh4 97. Ra8 Kg3 98. Ra3+ Kg4 99. Ke1 g5 100. Ra6 Kh4 101. Ra2 g4 102. Rh2+ Kg3 103. Ra2 Kh3 104. Kd1 Nc3+ 105. Kc2 Nxa2 106. Kb3 {[#]} g3 $1 107. Kxa2 g2 108. Kb3 g1=Q 109. Kc4 Qb6 110. Kc3 Qc5+ 111. Kb2 Nd3+ 112. Kb3 f4 113. Ka2 Qc3 114. Kb1 Qb2#) 1/2-1/2

[Event "Israel-ch Semi-final 2022"]
[Site "Ramat Gan"]
[Date "2022.06.13"]
[Round "6.4"]
[White "Kochavi, Ori"]
[Black "Chernomordik, Pavel"]
[Result "1-0"]
[ECO "B06"]
[WhiteElo "2365"]
[BlackElo "2178"]
[Annotator "TA"]
[PlyCount "79"]
[EventDate "2022.05.09"]
[EventType "swiss"]
[EventCountry "ISR"]
[SourceTitle "playchess.com"]
[Source "ChessBase"]
[SourceQuality "1"]
[TimeControl "40/5400+30:1800+30"]

1. e4 g6 2. d4 d6 3. Nc3 Bg7 4. Be3 a6 5. Qd2 b5 6. f3 Bb7 {[%emt 0:00:21] B06: Modern Defence.} 7. h4 h6 8. Nh3 Nd7 {[%emt 0:01:29] White is slightly better.} 9. O-O-O e6 10. g4 Nb6 11. a3 (11. b3 $16) 11... Ne7 {[%emt 0:03:26] [#]} 12. g5 $146 ({White should try} 12. Nf4 $16) ({Predecessor:} 12. h5 g5 13. f4 gxf4 14. Bxf4 Qd7 15. g5 hxg5 16. Nxg5 Nc6 17. d5 Nd4 18. Be3 {1-0 (24) Preotu,R (2473)-Chernomordik,P (2182) Chess.com INT 2021}) 12... h5 $1 $11 13. Nf4 c6 {[%emt 0:08:43] Inhibits d5.} 14. Qf2 Nc4 15. Bxc4 bxc4 16. Qf1 a5 17. Qxc4 Ba6 18. Qa2 $36 {[%emt 0:02:28][%mdl 2048] Black is under pressure.} O-O 19. Nd3 Qb6 20. Na4 Qa7 21. Rhe1 Bxd4 22. Bxd4 Qxd4 23. Ndc5 {[%emt 0:00:15] Pair of Knights!} Qe5 (23... Qf2 $1 $11 24. Nxa6 Rxa6) 24. Nxa6 (24. Nd7 $16 Qf4+ 25. Kb1) 24... Rxa6 $14 25. Qc4 Qf4+ 26. Kb1 Raa8 27. Qd4 (27. Nb6 Rad8 $11) 27... Rfd8 (27... Qxh4 28. Qxd6 Qxg5 29. Rg1 $16) (27... Nc8 $14) 28. Qf6 $16 Qxf6 29. gxf6 Nc8 30. c4 ({White should play} 30. Re3 $16) 30... Rb8 $11 31. Rd3 Re8 (31... d5 $11 {remains equal.}) 32. c5 $16 dxc5 33. Nxc5 Nb6 34. Rc1 {[%emt 0:01:01] Inhibits Nc4. White is much more active.} Red8 35. Rxd8+ Rxd8 36. Nb7 Rd3 37. Rxc6 ({Resist} 37. Nxa5 Rxf3 38. Rxc6 (38. Nxc6 Rxf6 39. b3 Rf4 $14) 38... Nd7 $16) (37. f4 $1 $18) 37... Nd7 38. Rc8+ Kh7 {[%emt 0:00:41] [#]} 39. Nd8 $1 Nb6 {[%emt 0:02:49] [#]} (39... g5 $16) 40. Rb8 $1 {[%emt 0:00:07] Weighted Error Value: White=0.15 (very precise) /Black=0.21 (precise)} ({Don't play} 40. Rc6 $6 Rxd8 41. Rxb6 g5 $14) 1-0

[Event "Israel-ch Semi-final 2022"]
[Site "Ramat Gan"]
[Date "2022.06.13"]
[Round "6.5"]
[White "Levin, Guy"]
[Black "Yaniv, Ori"]
[Result "1-0"]
[ECO "B40"]
[WhiteElo "2354"]
[BlackElo "2143"]
[Annotator "TA"]
[PlyCount "68"]
[EventDate "2022.05.09"]
[EventType "swiss"]
[EventCountry "ISR"]
[SourceTitle "playchess.com"]
[Source "ChessBase"]
[SourceQuality "1"]
[TimeControl "40/5400+30:1800+30"]

1. e4 c5 2. Nf3 e6 3. g3 Nc6 4. Bg2 Nf6 5. Qe2 d5 6. exd5 {[%emt 0:00:07] B40: Sicilian: 2...e6, Unusual lines.} Nxd5 7. O-O Be7 8. Rd1 {[%emt 0:00:06] White has an edge.} O-O 9. d4 {[%emt 0:00:12] Prevents e5.} cxd4 10. Nxd4 Nxd4 11. Rxd4 Bf6 12. Rd1 {[%emt 0:00:04] Strongly threatening c4.} Qb6 (12... b5 $14) 13. c4 $16 Ne7 14. Nc3 $36 {[%emt 0:01:02][%mdl 2048] White is in control.} Nc6 15. Be3 Nd4 16. Qd2 Rd8 {[%emt 0:00:00] [#]} 17. Nd5 $146 ({Predecessor:} 17. Ne4 e5 18. c5 Qe6 19. Nxf6+ gxf6 20. Qa5 Qe7 21. Bxd4 exd4 22. Re1 Be6 23. Rad1 {0-1 (72) Sychev,K (2555)-Florescu,C (2289) Chess.com INT 2021}) 17... exd5 18. Bxd4 dxc4 19. Bxb6 {[%emt 0:00:02][%mdl 64] Qxd8+ would kill now. Discovered Attack} Rxd2 20. Rxd2 axb6 21. Rd5 g6 22. Rb5 Be6 23. Bf3 Bd4 24. Rd1 (24. Bxb7 $16 Ra7 25. Rd1) 24... Bc5 $1 $11 25. Bxb7 Ra7 (25... Rxa2 $11 {might be stronger.} 26. Bd5 Bxd5 27. Rxd5 Ra1+ 28. Kg2 Rb1) 26. Bd5 $14 Rd7 27. Bf3 (27. b4 {seems wilder.} Bf8 28. Bf3 c3 29. Rxb6 c2 30. Rc1) 27... Rxd1+ {[%emt 0:00:00] This costs Black the game.} (27... Ra7 $16 {was worth a try.}) 28. Bxd1 $18 Bd7 {[%emt 0:00:00] [#]} 29. Rxc5 bxc5 {[%emt 0:00:00] KB-KB} 30. Kf1 Kf8 31. Ke2 {[%emt 0:00:15] Hoping for Kd2.} Ke7 $2 (31... c3 $16 32. bxc3 Ke7) 32. Kd2 Kd6 33. Kc3 Kc6 $2 (33... Kc7 34. Kxc4 Kb6) 34. Ba4+ Kd5 {[%emt 0:12:00] Weighted Error Value: White=0.05 (flawless) /Black=0.21 (precise)} 1-0

[Event "Israel-ch Semi-final 2022"]
[Site "Ramat Gan"]
[Date "2022.06.13"]
[Round "6.6"]
[White "Rozen, Guy"]
[Black "Solomon, Asif"]
[Result "1/2-1/2"]
[ECO "D37"]
[WhiteElo "1967"]
[BlackElo "2288"]
[Annotator "TA"]
[PlyCount "146"]
[EventDate "2022.05.09"]
[EventType "swiss"]
[EventCountry "ISR"]
[SourceTitle "playchess.com"]
[Source "ChessBase"]
[SourceQuality "1"]
[TimeControl "40/5400+30:1800+30"]

1. d4 d5 2. c4 e6 3. Nc3 a6 4. cxd5 exd5 5. Nf3 Nf6 6. Bg5 {[%emt 0:00:14] D37: Queen's Gambit Declined: 5 Bf4.} Be6 7. e3 Nbd7 8. Bd3 {[%emt 0:01:22] White is slightly better.} Bd6 9. Rc1 c6 10. O-O Qc7 11. e4 (11. Qd2 $11) 11... dxe4 $15 12. Nxe4 {[%emt 0:04:25] [#]} Nxe4 $146 ({Predecessor:} 12... Nd5 13. Nxd6+ Qxd6 14. Re1 h6 15. Bd2 Nf4 16. Bf5 O-O-O 17. Bxf4 Qxf4 18. Bxe6 fxe6 19. Rxe6 {½-½ (42) Scarella,E (2367)-Fiori,H (2102) Mar del Plata 2016}) 13. Bxe4 h6 14. Bh4 Nb6 {[%emt 0:07:53] Inhibits d5.} 15. Ne5 g5 16. Bg3 {[%emt 0:00:50][%cal Re4c6] Bxc6+! is the strong threat.} Nd5 17. Qf3 {[%emt 0:07:51] aiming for Bxd5.} O-O-O (17... Rf8 $14) 18. Bxd5 $16 Bxd5 {[%emt 0:00:10] [#]} 19. Qxd5 cxd5 20. Nxf7 {[%emt 0:00:02] White is more active.} (20. Rxc7+ {keeps more tension.} Bxc7 21. Nxf7 Rhf8 22. Nxd8 Kxd8 23. Rc1) 20... Bxg3 21. hxg3 Rhe8 22. Nxd8 Kxd8 23. Rxc7 Kxc7 {[%emt 0:00:07][%mdl 4096] Endgame KR-KR} 24. Rc1+ Kd6 25. Kf1 {[%emt 0:01:31] Against Re2} Re4 26. Rd1 b5 (26... h5 $14) 27. f3 Re8 28. Rc1 b4 29. Kf2 Re7 (29... h5 $16 30. Rc5 Rh8) 30. g4 $18 Re8 31. g3 Rf8 32. Ke3 Re8+ 33. Kd3 Rf8 34. Rf1 Rg8 (34... a5 $16 {is a better defense.}) 35. Rh1 Rg6 36. Re1 Rf6 37. Rf1 (37. Ke3 $142) 37... Rg6 (37... a5 $16) 38. Rc1 $1 Rg8 39. Rc5 $1 Ra8 40. Ra5 Kc6 41. Ke3 Ra7 (41... Kd6 $142 42. f4 Ra7) 42. Rc5+ Kd6 43. Rc8 $1 Re7+ 44. Kd2 Rf7 45. Ke2 Rb7 46. Rh8 Kc6 47. Rxh6+ Kb5 48. Re6 Rh7 49. Kd3 Rh1 50. Re2 Rg1 51. Ke3 ({Don't do} 51. Re5 Kc6 52. Rxg5 Rxg3 53. Rg6+ Kb5) 51... a5 52. Rd2 {[%emt 0:03:27] And now Kf2 would win.} Rxg3 53. Kf2 {[%emt 0:00:02] Inhibits Rg1.} Rh3 54. Kg2 $1 Rh8 55. f4 gxf4 56. Kf3 Kc4 57. Kxf4 Rf8+ $2 (57... Rh1 $16 58. g5 Rg1) 58. Ke5 Re8+ 59. Kf6 $1 Rf8+ 60. Kg7 $1 Rf1 61. g5 a4 62. g6 a3 63. Kh7 Rh1+ 64. Kg8 {[%emt 0:00:01] Strongly threatening g7.} Rg1 65. g7 $1 axb2 66. Rxb2 Kc3 67. Rf2 Kxd4 68. Kf8 (68. Kf7 $142 Kc5 69. Rc2+ Kb5 70. g8=Q Rxg8 71. Kxg8 d4 72. Kf7 d3 73. Rc1) 68... Kc3 {[%emt 0:01:25] [#]} 69. g8=Q $2 (69. Rf3+ $1 {mates} Kc4 70. Rf7 d4 71. Rc7+ Kd5 {[#]} 72. Rc1 $3 Rxc1 73. g8=Q+ Kc6 74. Qg2+ Kb6 75. Qd5) 69... Rxg8+ $11 {[%emt 0:00:05] The position is equal.} 70. Kxg8 d4 71. Kf7 {[%emt 0:00:20] Threatening mate with Ke6.} d3 72. Ke6 {[%emt 0:00:40] Intending Kd5 and mate.} d2 73. Rf1 b3 {[%emt 0:00:16] Weighted Error Value: White=0.13 (very precise) /Black=0.21 (precise)} 1/2-1/2

[Event "Israel-ch Semi-final 2022"]
[Site "Ramat Gan"]
[Date "2022.06.13"]
[Round "6.7"]
[White "Reprun, Nadejda"]
[Black "Sivan, Yaacov"]
[Result "0-1"]
[ECO "B35"]
[WhiteElo "1954"]
[BlackElo "2306"]
[Annotator "TA"]
[PlyCount "82"]
[EventDate "2022.05.09"]
[EventType "swiss"]
[EventCountry "ISR"]
[SourceTitle "playchess.com"]
[Source "ChessBase"]
[SourceQuality "1"]
[TimeControl "40/5400+30:1800+30"]

1. e4 c5 2. Nf3 Nc6 3. d4 cxd4 4. Nxd4 g6 5. Nc3 Bg7 6. Be3 Nf6 7. Bc4 O-O 8. Bb3 Ng4 9. Qxg4 Nxd4 10. Qd1 Nxb3 11. axb3 a6 12. O-O {[%emt 0:02:24] B35: Sicilian: Accelerated Dragon with 5 Nc3: main line.} d6 13. Qd2 Bd7 14. Rad1 {[%emt 0:03:43] White is slightly better.} Bc6 {[%emt 0:03:24] [#]} 15. Nd5 $146 ({Predecessor:} 15. Bd4 Bxd4 16. Qxd4 Rc8 17. f4 Qa5 18. b4 Qc7 19. f5 f6 20. Rf2 Kg7 21. Ne2 {½-½ (56) Zandonai Ignacio,A (1971)-Santos,L (1888) Goiania 2017}) 15... b5 16. c4 (16. Bh6 {seems wilder.} Bxh6 17. Qxh6 e6 18. Rd3) 16... Rb8 17. c5 dxc5 {[%emt 0:11:49] Hoping for ...e6.} 18. Bxc5 Bxd5 19. exd5 Qd7 20. Rfe1 Rfe8 21. h3 Qb7 22. Qf4 Rbd8 23. Qf3 Bxb2 24. Re2 Bg7 25. b4 e6 26. Red2 (26. d6 $15 Qxf3 27. gxf3) 26... exd5 27. Rxd5 Rxd5 28. Rxd5 {[%emt 0:00:49][%cal Od5d8] [#] Rd8! is the strong threat.} Qc7 {[%emt 0:01:50][%cal Re8e1] Prevents Rd8.} 29. g3 h5 30. Rd6 a5 (30... Bf8 $17 31. Rc6 Qd7) 31. Qd5 (31. Ra6 $11 Qe5 32. Ra7) 31... Re5 $15 32. Qa8+ (32. Rd8+ $11 {and White is okay.} Kh7 33. Rd7 Rxd5 34. Rxc7) 32... Kh7 $19 33. Rc6 $2 {[%emt 0:01:11] White does not recover from this.} (33. Qc6 $17 Qxc6 34. Rxc6) 33... Qd7 34. Kh2 axb4 35. Rd6 Qf5 36. Bd4 Re2 {[%emt 0:00:32] [#] ( -> ...Bxd4)} 37. Be3 b3 {[%emt 0:01:28] And now ...b2 would win.} 38. Rd5 Rxf2+ {[%emt 0:00:37] Black mates.} 39. Bxf2 Qxf2+ 40. Kh1 Qf3+ 41. Kh2 b2 {[%emt 0:30:46] Weighted Error Value: White=0.90/Black=0.11 (very precise)} 0-1

[Event "Israel-ch Semi-final 2022"]
[Site "Ramat Gan"]
[Date "2022.06.13"]
[Round "6.8"]
[White "Poleg, Matan"]
[Black "Vaisman, Felix"]
[Result "1-0"]
[ECO "E13"]
[WhiteElo "2225"]
[BlackElo "2096"]
[Annotator "RC"]
[PlyCount "83"]
[EventDate "2022.05.09"]
[EventType "swiss"]
[EventCountry "ISR"]
[SourceTitle "playchess.com"]
[Source "ChessBase"]
[SourceQuality "1"]
[TimeControl "40/5400+30:1800+30"]

1. d4 Nf6 2. c4 c5 3. e3 e6 4. Nf3 b6 5. Nc3 cxd4 6. exd4 Bb4 7. Bd3 Bxc3+ 8. bxc3 O-O 9. O-O Bb7 10. Bg5 h6 11. Bh4 d6 12. Re1 Nbd7 13. Nd2 Qc8 14. Rc1 Re8 15. f3 d5 16. cxd5 exd5 17. Nf1 Ba6 18. Rxe8+ Nxe8 19. Bb1 Nef6 20. Ne3 Qe8 21. Qd2 Rc8 22. Nf5 Qf8 23. Bg3 Rc6 24. Ne3 Qa3 25. Be1 Re6 26. g4 Qe7 27. Bf2 Nf8 28. Re1 Ng6 29. Bf5 Nf4 30. Bg3 Ne2+ 31. Rxe2 Bxe2 32. Bxe6 Bxf3 33. Bf5 g6 34. Qf2 Be4 35. Bxe4 Nxe4 36. Qf3 Ng5 37. Qe2 Qe4 38. h4 Ne6 39. Kf2 f5 40. gxf5 gxf5 41. Ng2 f4 42. Nxf4 1-0

[Event "Israel-ch Semi-final 2022"]
[Site "Ramat Gan"]
[Date "2022.06.13"]
[Round "6.9"]
[White "Horesh, Tal"]
[Black "Stolyarsky, Yegor"]
[Result "1/2-1/2"]
[ECO "C68"]
[WhiteElo "1973"]
[BlackElo "2174"]
[Annotator "RC"]
[PlyCount "132"]
[EventDate "2022.05.09"]
[EventType "swiss"]
[EventCountry "ISR"]
[SourceTitle "playchess.com"]
[Source "ChessBase"]
[SourceQuality "1"]
[TimeControl "40/5400+30:1800+30"]

1. e4 e5 2. Nf3 Nc6 3. Bb5 a6 4. Bxc6 dxc6 5. O-O Qd6 6. Na3 b5 7. Qe2 Bb7 8. d4 exd4 9. Rd1 Qg6 10. Rxd4 Bc5 11. Rd3 Nf6 12. Be3 Bxe3 13. Qxe3 O-O 14. Qg5 Qxg5 15. Nxg5 h6 16. e5 hxg5 17. exf6 gxf6 18. Rd7 Rac8 19. c4 Rfd8 20. Rad1 Rxd7 21. Rxd7 Kf8 22. c5 Ke8 23. Rd4 a5 24. Nc2 b4 25. f3 Ra8 26. g3 Bc8 27. Ne3 Be6 28. b3 Rb8 29. f4 Rb5 30. f5 Bd5 31. h4 Rxc5 32. h5 Kf8 33. Kf2 Kg7 34. Rd2 a4 35. Rd4 Rb5 36. bxa4 Rb6 37. Nxd5 cxd5 38. Rxd5 Ra6 39. a5 g4 40. Rc5 Kh6 41. Rxc7 Rxa5 42. Rxf7 Rxa2+ 43. Ke3 Kg5 44. h6 Rg2 45. Ke4 Re2+ 46. Kd3 Rh2 47. Ke4 Re2+ 48. Kd3 Re8 49. Rg7+ Kxf5 50. h7 Rh8 51. Kc4 Ke5 52. Kxb4 f5 53. Kc5 Kf6 54. Rd7 Kg6 55. Rd6+ Kg5 56. Rd7 Kg6 57. Rd6+ Kxh7 58. Rf6 Kg7 59. Rxf5 Kg6 60. Rd5 Rf8 61. Kd4 Re8 62. Rd6+ Kf5 63. Rd5+ Kf6 64. Rd6+ Ke7 65. Rg6 Ra8 66. Ke4 Kf7 1/2-1/2

[Event "Israel-ch Semi-final 2022"]
[Site "Ramat Gan"]
[Date "2022.06.13"]
[Round "6.10"]
[White "Duchan, Yoav"]
[Black "Shimshovich, Asaf"]
[Result "0-1"]
[ECO "B40"]
[WhiteElo "1899"]
[BlackElo "1816"]
[Annotator "NA RC COMBH"]
[PlyCount "74"]
[EventDate "2022.05.09"]
[EventType "swiss"]
[EventCountry "ISR"]
[SourceTitle "playchess.com"]
[Source "ChessBase"]
[SourceQuality "1"]
[TimeControl "40/5400+30:1800+30"]

1. e4 c5 2. Nf3 e6 3. d4 cxd4 4. Nxd4 Nf6 5. Bd3 Nc6 6. Ne2 Ne5 7. Nbc3 Nxd3+ 8. Qxd3 d5 9. Bg5 Be7 10. Bxf6 Bxf6 11. exd5 exd5 12. O-O-O O-O 13. Qxd5 Qb6 14. Qf3 Be6 15. Kb1 Rac8 16. Qe3 Qa5 17. a3 Rfe8 18. Qd2 Qb6 19. Ka1 Bc4 20. Nf4 Bxc3 21. Qxc3 Be2 22. Qd2 Bxd1 23. Rxd1 h6 24. Kb1 Qc7 25. h4 Rcd8 26. Nd5 Qc4 27. b3 Qxh4 28. Qa5 Kh8 29. Qxa7 Qh5 30. Qd4 Re5 31. c4 Re2 32. Qb6 $2 (32. Rd2 $19) 32... Rde8 (32... Qf5+ $142 33. Ka1 Ra8 34. Qd8+ Rxd8 35. Rc1 Qe5+ 36. Nc3 {[#]} Qxc3+ $3 37. Rxc3 Rd1+ 38. Rc1 Rxc1#) 33. Ne3 {[%emt 0:00:37] [#]} R2xe3 $19 34. Rc1 Qf5+ 35. Kb2 Qe5+ 36. Kb1 Re2 37. Rc2 Re1+ 0-1